 Dungeon Crawl Stone Soup version 0.30-a0-297-g0ec75d9ef4 (webtiles) character file.

Game seed: 13249877630846932509

870 Iusername the Sneak (level 8, -4/46 HPs)
             Began as an Octopode Wanderer on Oct 18, 2022.
             Slain by a wyvern (19 damage)
             ... on level 5 of the Dungeon.
             The game lasted 00:06:29 (4512 turns).

Iusername the Sneak (Octopode Wanderer)             Turns: 4512, Time: 00:06:30

Health: -4/46      AC:  1    Str: 14    XL:     8   Next: 3%
Magic:  12/12      EV:  9    Int: 12    God:
Gold:   187        SH: 10    Dex: 13    Spells: 12/13 levels left

rFire   . . .      SeeInvis .    r - +6 scimitar (vorpal)
rCold   . . .      Faith    .    k - +0 tower shield
rNeg    . . .      Spirit   .    (helmet restricted)
rPois   .          Reflect  .    (no amulet)
rElec   .          Harm     .    (no ring)
rCorr   .          Rampage  .    (no ring)
Will    .....                    (no ring)
Stlth   ++++......               (no ring)
HPRegen 0.27/turn                (no ring)
MPRegen 0.13/turn                (no ring)
                                 (no ring)
                                 (no ring)

@: no status effects
A: almost no armour, amphibious, 8 rings, camouflage 1, gelatinous body 1,
(nimble swimmer 1), tentacles
a: no special abilities


You were on level 5 of the Dungeon.
You visited 1 branch of the dungeon, and saw 5 of its levels.

You collected 187 gold pieces.

Inventory:

Hand Weapons
 r - a +6 vorpal scimitar (weapon)
Missiles
 l - 11 boomerangs (quivered)
Armour
 k - a +0 tower shield (worn)
Jewellery
 g - a ring of see invisible
 s - a ring of flight
Scrolls
 a - a scroll of noise {unknown}
 b - a scroll of amnesia {unknown}
 e - 2 scrolls of vulnerability
 h - a scroll of enchant weapon {unknown}
 m - a scroll of summoning {unknown}
 o - 2 scrolls of identify {unknown}
 p - a scroll of teleportation {unknown}
 q - 2 scrolls of immolation
 t - a scroll of fear {unknown}
 v - a scroll of magic mapping {unknown}
Potions
 c - a potion of curing
 d - 2 potions of flight {unknown}
 f - 3 potions of might {unknown}
 i - 2 potions of haste {unknown}
 j - a potion of cancellation {unknown}
 n - a potion of heal wounds {unknown}
 u - 2 potions of brilliance {unknown}


   Skills:
 + Level 3.7 Throwing
 + Level 4.0 Dodging
 + Level 5.7 Stealth
 + Level 3.2 Spellcasting
 + Level 5.6 Poison Magic
 + Level 3.8 Invocations


You had 12 spell levels left.
You knew the following spells:

 Your Spells              Type           Power      Damage    Failure   Level
a - Sting                 Tmut/Pois      32%        1d4       80%         1

Your spell library contained the following spells:

 Spells                   Type           Power      Damage    Failure   Level
 Ignite Poison            Fire/Tmut/Pois 6%         N/A       99%         3
 Ozocubu's Armour         Ice            1%         N/A       100%        3
 Ozocubu's Refrigeration  Ice            0%         4d7       100%        7


Dungeon Overview and Level Annotations

Branches:
Dungeon (5/15)             Temple (0/1) D:5

Altars:
Ashenzari
Elyvilon
Hepliaklqana
Makhleb
Qazlal
Ru
Sif Muna
Xom
The Shining One

Shops:
D:1 [

Annotations:
D:3 2 transporters, Pooter's ghost, amateur MiFi


Innate Abilities, Weirdness & Mutations

You cannot wear most types of armour.
You are amphibious.
You can wear up to eight rings at the same time.
Your skin changes colour to match your surroundings (Stealth+).
Your rubbery body absorbs attacks. (AC +1, EV +1)
((You are camouflaged when in or above water. (Stealth+)))
You have tentacles for arms and can constrict up to eight enemies at once.


Message History

Found a staircase to the Ecumenical Temple.
No target in view!
No target in view!
You now have 179 gold pieces (gained 8).
There is a staircase to the Ecumenical Temple here.
There is a fountain of clear blue water here.
Found a burning altar of Makhleb.
Found a sacrificial altar of Ru.
No target in view!
No target in view!
Found two altars.
Key pressed, stopping explore.
No target in view!
There is a glowing golden altar of the Shining One here.
There is a white marble altar of Elyvilon here.
You now have 181 gold pieces (gained 2).
Key pressed, stopping explore.
No target in view!
No target in view!
You now have 187 gold pieces (gained 6).
Found a club.
You see here a staff of air.
No target in view!
You see here a +0 club.
A wyvern comes into view.
Found an escape hatch in the ceiling.
A wyvern is nearby!
A wyvern is nearby!
A wyvern is nearby!
A wyvern is nearby!
Okay, then.
The helpless wyvern fails to defend itself.
You hit the wyvern. Your squeeze misses the wyvern.
The wyvern is moderately wounded.
The wyvern barely misses you. The wyvern closely misses you.
The wyvern bites you!!
You barely miss the wyvern.
The wyvern is moderately wounded.
The wyvern bites you! The wyvern bites you!!
You die...

#.####.# #.#.# #.## #.#
#.#.# ...# #.# #.#.#
.⌠.#
#|#######.#.#######
...#
#....)............#
#.##############.#####.
....# #.# ....#
#######.#####.# .>..#
#......@......# ....#
#.#####l####### ....#
#.. #.### #..# ...#
#..# .⌠.# ...# ...# #
#.## #.##..+ #.#
......#


You could see a wyvern.

Vanquished Creatures
  Pikel (D:4)
  2 ogres
  A lemure (D:4)
  A phantom (D:5)
  A jelly (D:5)
  A hound (D:5)
  2 adders
  An ufetubus (D:5)
  2 worms (D:2)
  A dart slug (D:4)
  9 orcs (D:4)
  3 bats
  6 endoplasms
  7 goblins
  6 hobgoblins
  3 jackals (D:3)
  4 quokkas
  3 ball pythons
  2 frilled lizards (D:2)
  8 kobolds
  4 rats
68 creatures vanquished.

Notes
Turn   | Place    | Note
-------+----------+-------------------------------------------
     0 | D:1      | Iusername the Octopode Wanderer began the quest for the
                  | Orb.
     0 | D:1      | Iusername set off with the following items: a +2 dagger, 2
                  | potions of berserk rage, a potion of curing; and the
                  | following spell memorised: Sting; and the following spells
                  | available to memorise: Ignite Poison.
     0 | D:1      | Reached XP level 1. HP: 11/11 MP: 2/2
    54 | D:1      | Found Inotz's Antique Armour Shop.
   407 | D:1      | Reached XP level 2. HP: 17/17 MP: 3/3
  1333 | D:2      | Reached XP level 3. HP: 21/21 MP: 4/4
  2015 | D:3      | Noticed an ogre
  2015 | D:3      | Found a faded altar of an unknown god.
  2019 | D:3      | Killed an ogre
  2020 | D:3      | Reached XP level 4. HP: 9/27 MP: 6/6
  2020 | D:3      | Reached XP level 5. HP: 11/31 MP: 7/7
  2232 | D:3      | Found a transporter.
  2234 | D:3      | Noticed Pooter's ghost (amateur MiFi)
  2417 | D:3      | Found a transporter.
  3098 | D:3      | Identified the +1 robe of Narrow Knowledge {Will- Int+4}
  3389 | D:4      | Noticed Pikel
  3389 | D:4      | Noticed a lemure
  3389 | D:4      | Noticed a lemure
  3390 | D:4      | Noticed a lemure
  3390 | D:4      | Noticed a lemure
  3393 | D:4      | Killed a lemure
  3398 | D:4      | Killed Pikel
  3399 | D:4      | Reached skill level 5 in Stealth
  3399 | D:4      | Reached skill level 5 in Poison Magic
  3399 | D:4      | Reached XP level 6. HP: 36/36 MP: 7/10
  3399 | D:4      | Reached XP level 7. HP: 41/41 MP: 7/11
  3532 | D:4      | Found a shimmering blue altar of Sif Muna.
  3692 | D:4      | Found a broken altar of Ashenzari.
  3791 | D:4      | Identified a scroll of acquirement
  3794 | D:4      | Acquired a +6 vorpal scimitar
  3852 | D:4      | Found a hazy altar of Hepliaklqana.
  3853 | D:4      | Found a shimmering altar of Xom.
  3854 | D:4      | Noticed a spectral ugly thing
  4138 | D:4      | Found a stormy altar of Qazlal.
  4241 | D:5      | Entered Level 5 of the Dungeon
  4391 | D:5      | Reached XP level 8. HP: 38/46 MP: 12/12
  4443 | D:5      | Found a staircase to the Ecumenical Temple.
  4457 | D:5      | Found a burning altar of Makhleb.
  4458 | D:5      | Found a sacrificial altar of Ru.
  4460 | D:5      | Found a glowing golden altar of the Shining One.
  4460 | D:5      | Found a white marble altar of Elyvilon.
  4506 | D:5      | Noticed a wyvern
  4512 | D:5      | Slain by a wyvern

Illustrated notes

Levels and vault maps discovered:
D:1:      psy_arrival_basics, layout_loops_ring, serial_shops, shop
D:2:      layout_basic
D:3:      layout_basic, nicolae_ecumenical_lake_church,
          gammafunk_ghost_mausoleum
D:4:      layout_loops_ring, regret_index_temple_of_mockery,
          grunt_qazlal_sundering, ashenzari_conservatory_becter,
          mainiacjoe_overflow_small_starburst, uniq_pikel
D:5:      layout_basic, lemuel_round_altar,
          chequers_temple_overflow_statue_of_worship,
          minmay_temple_entry_antechambers

Skill      XL: |  1  2  3  4  5  6  7 |
---------------+----------------------+-----
Stealth        | 3 5 |  5.7
Poison Magic   | 4 5 |  5.6
Throwing       | 2 3 |  3.7
Invocations    | 2 3 |  3.8
Dodging        | 3 4 |  4.0
Spellcasting   | 2 3 |  3.2

Action                   |  1- 3 |  4- 6 |  7- 9 || total
-------------------------+-------+-------+-------++-------
Melee: Dagger            |    20 |       |       ||    20
       Tentacles         |     6 |     6 |     7 ||    19
       Constrict         |     4 |     7 |     6 ||    17
       War axe           |    11 |    34 |    21 ||    66
       Punch             |     1 |       |       ||     1
       Scimitar          |       |       |    31 ||    31
Throw: Boomerang         |    25 |       |       ||    25
  Use: Potion            |     1 |     1 |       ||     2
       Scroll            |       |       |     3 ||     3
 Stab: Sleeping          |     6 |     2 |    10 ||    18
Armor: Skin              |     1 |     2 |     2 ||     5
Dodge: Dodged            |    10 |    14 |    27 ||    51
Block: Tower shield      |     6 |    27 |    25 ||    58

Table legend: (Time is in decaauts)
 A = Elapsed time spent in this place.
 B = Non-inter-level travel time spent in this place.
 C = Inter-level travel time spent in this place.
 D = Time resting spent in this place.
 E = Time spent auto-exploring this place.
 F = Levels seen in this place.
 G = Mean time per level.
                   A        B        C        D        E       F      G
               +--------+--------+--------+--------+--------+-----+--------+
         Total |   4640 |   4409 |    231 |    933 |   2767 |   5 |  928.0 |
       Dungeon |   4640 |   4409 |    231 |    933 |   2767 |   5 |  928.0 |
               +--------+--------+--------+--------+--------+-----+--------+

Top non-repeatable levels by time:
     D:2: 1233 daAuts
     D:3: 1202 daAuts
     D:1: 1001 daAuts
     D:4: 918 daAuts
     D:5: 283 daAuts
